 Dungeon Crawl Stone Soup version 0.31.0-9-g3a7656b989 (webtiles) character file.

Game seed: 16262844142225780867

1435 qw the Skirmisher (level 8, 0/40 HPs)
             Began as a Spriggan Hunter on Feb 2, 2024.
             Succumbed to a killer bee's poison
             ... on level 6 of the Dungeon.
             The game lasted 00:00:23 (4545 turns).

qw the Skirmisher (Spriggan Hunter)                 Turns: 4545, Time: 00:00:24

Health: 0/40       AC:  2    Str:  7    XL:     8   Next: 45%
Magic:  0/9        EV: 22    Int: 11    God:
Gold:   248        SH:  0    Dex: 20    Spells: 7/7 levels left

rFire   + . .        h - +0 orcbow
rCold   + . .        (shield currently unavailable)
rNeg    . . .        l - +0 robe "Ecsiaropt" {rC+}
rPois   .            (helmet restricted)
rElec   .            (no cloak)
rCorr   .            (gloves unavailable)
SInv    +            (boots unavailable)
Will    +....        f - amulet of guardian spirit
Stlth   ++           d - ring of protection from fire
HPRegen 0.26/turn    (no ring)
MPRegen 0.11/turn

%: guardian spirit
@: lethally poisoned (0 -> -7), very quick
A: very small, no large weapons, unfitting armour, see invisible, speed 3
a: no special abilities


You were on level 6 of the Dungeon.
You visited 1 branch of the dungeon, and saw 6 of its levels.

You collected 248 gold pieces.


Innate Abilities, Weirdness & Mutations

You are very small and have problems with some larger weapons.
You are too small for most types of armour.
You have supernaturally acute eyesight. (SInv)
You cover ground extremely quickly. (Speed+++)


   Skills:
 - Level 3.3 Fighting
 - Level 9.2 Ranged Weapons
 + Level 7.4 Dodging
 - Level 1.5 Stealth


You had 7 spell levels left.
You didn't know any spells.
Your spell library was empty.

Inventory:

Hand Weapons
 h - a +0 orcbow (weapon)
Armour
 l - the +0 robe "Ecsiaropt" (worn) {rC+}
   (You found it on level 2 of the Dungeon)

   rC+:       It protects you from cold.
Jewellery
 d - a ring of protection from fire (left hand)
 f - an amulet of guardian spirit (around neck)
Wands
 b - a wand of digging (14)
 e - a wand of iceblast (18)
 g - a wand of charming (9)
Scrolls
 c - a scroll of identify
Potions
 a - a potion of invisibility {unknown}
 i - 3 potions of curing
 j - a potion of mutation {unknown}
 k - a potion of might

Dungeon Overview and Level Annotations

Branches:
Dungeon (6/15)
 Temple: D:4-7

Altars:
Ashenzari
Fedhas
Hepliaklqana
Kikubaaqudgha
Makhleb
Uskayaw
The Shining One

Annotations:
D:2 1 runed translucent door, Crazy Yiuf


Message History

The black bear closely misses you. The black bear completely misses you.
The black bear closely misses you.
You shoot an arrow. The arrow hits the black bear!
You kill the black bear!
Your Fighting skill increases to level 3!
You shoot an arrow.
The arrow hits the killer bee but does no damage.
You shoot an arrow. The arrow misses the killer bee.
The arrow closely misses the killer bee.
The killer bee stings you.
A killer bee comes into view.
The killer bee completely misses you.
You shoot an arrow. The arrow misses the killer bee.
The arrow closely misses the killer bee.
The killer bee buzzes angrily.
The killer bee stings you.
A killer bee comes into view.
The killer bee stings you!
You shoot an arrow. The arrow misses the killer bee.
The arrow hits the killer bee!
The killer bee is almost dead.
The killer bee stings you.
You are poisoned.
The killer bee poisons you! The killer bee misses you.
You shoot an arrow. The arrow misses the killer bee.
The arrow hits the killer bee!
You kill the killer bee!
You feel sick. The killer bee completely misses you.
The killer bee barely misses you.
You shoot an arrow.
The arrow closely misses the killer bee.
The arrow hits the killer bee!
The killer bee is heavily wounded.
You feel sick. The killer bee stings you!
You are more poisoned.
The killer bee poisons you! The killer bee barely misses you.
You shoot an arrow.
The arrow closely misses the killer bee.
The arrow misses the killer bee.
You die...

......##.........#
..................#
#...............##
#####....###..## ###..##
#### ..#...# #.##..## #####
## #.####.## ...... .# #.#
##@## #...... .####
##.######y##...###.
###.#####..##...#yy.......y
###..............y.......$.
#.............._.........#
##..................#......
...#......._..7.........#..
.####..###.............## .
## #.## ##...........##


You could see 4 killer bees.

Vanquished Creatures
  Pikel (D:6)
  2 black bears (D:6)
  An ogre (D:5)
  A centaur (D:6)
  A lemure (D:6)
  Blork the orc (D:6)
  2 killer bees (D:6)
  A bombardier beetle (D:5)
  A crimson imp (D:5)
  A hound (D:6)
  3 jellies
  2 iguanas
  10 adders
  2 shadow imps
  A white imp (D:5)
  4 ufetubi
  2 ribbon worms (D:2)
  A dart slug (D:3)
  5 orcs
  10 endoplasms
  2 giant cockroaches (D:1)
  8 hobgoblins
  7 jackals
  4 quokkas
  13 ball pythons
  4 bats
  4 frilled lizards
  9 goblins
  A goblin zombie (D:5)
  A hobgoblin zombie (D:5)
  9 kobolds
  2 kobold skeletons (D:5)
  4 kobold zombies (D:5)
  4 rats
124 creatures vanquished.

Notes
Turn   | Place    | Note
-------+----------+-------------------------------------------
     0 | D:1      | qw the Spriggan Hunter began the quest for the Orb.
     0 | D:1      | Reached XP level 1. HP: 10/10 MP: 2/2
     0 | D:1      | 0 ||| qw: Version: 0.3-a-155-g5e7d8dd
     0 | D:1      | 0 ||| qw: Game counter: 2746
     0 | D:1      | 0 ||| qw: Melee chars always use a shield: true
     0 | D:1      | 0 ||| qw: God list: Okawaru
     0 | D:1      | 0 ||| qw: Allow faded altars: false
     0 | D:1      | 0 ||| qw: Do Orc after clearing Dungeon:15 true
     0 | D:1      | 0 ||| qw: Do second Lair branch before Depths: true
     0 | D:1      | 0 ||| qw: Lair rune preference: random
     0 | D:1      | 0 ||| qw: Goals: Normal
     0 | D:1      | 0 ||| PLANNING D:1-11
    69 | D:1      | Reached skill level 3 in Dodging
   248 | D:1      | Reached XP level 2. HP: 14/14 MP: 3/3
   626 | D:1      | Reached XP level 3. HP: 18/18 MP: 4/4
   730 | D:1      | 730 ||| READING scroll labelled DUM ZOCKOOSUK.
   730 | D:1      | 730 ||| IDENTIFYING fizzy emerald potion
   731 | D:1      | 731 ||| READING scroll labelled XARPHE URYDES.
   732 | D:1      | 732 ||| DRINKING 2 amethyst potions.
   733 | D:1      | 733 ||| DROPPING scroll of butterflies.
   734 | D:1      | 734 ||| DROPPING potion of degeneration.
   735 | D:1      | 735 ||| DROPPING potion of brilliance.
  1044 | D:2      | Reached skill level 5 in Ranged Weapons
  1101 | D:2      | Found a runed translucent door.
  1102 | D:2      | Noticed Crazy Yiuf
  1161 | D:2      | Reached XP level 4. HP: 20/23 MP: 5/5
  1366 | D:2      | Identified the +0 robe "Ecsiaropt" {rC+}
  1631 | D:2      | 1631 ||| UPGRADING to +0 robe "Ecsiaropt" {rC+}.
  1641 | D:2      | 1641 ||| DROPPING +0 robe.
  1642 | D:2      | 1642 ||| UPGRADING to amulet of guardian spirit.
  1647 | D:2      | 1647 ||| UPGRADING to ring of protection from fire.
  1648 | D:2      | 1648 ||| READING scroll of identify.
  1648 | D:2      | 1648 ||| IDENTIFYING fizzy golden potion
  1649 | D:2      | 1649 ||| DRINKING 2 black potions.
  1650 | D:2      | 1650 ||| DRINKING orange potion.
  1651 | D:2      | 1651 ||| DRINKING 2 metallic yellow potions.
  1652 | D:2      | 1652 ||| DRINKING 2 coppery potions.
  1653 | D:2      | 1653 ||| DROPPING potion of ambrosia.
  1762 | D:3      | You fall into a shaft and drop 3 floors!
  1771 | D:6      | Noticed a lemure
  1772 | D:6      | 1772 ||| FLEEEEING.
  1772 | D:6      | Noticed a lemure
  1773 | D:6      | 1773 ||| FLEEEEING.
  1774 | D:6      | 1774 ||| FLEEEEING.
  1774 | D:6      | Noticed Pikel
  1774 | D:6      | Noticed a lemure
  1775 | D:6      | 1775 ||| STAIRDANCE
  1776 | D:5      | Entered Level 5 of the Dungeon
  1850 | D:5      | Found a broken altar of Ashenzari.
  1854 | D:5      | Saw a vision of the Shoals and the Snake Pit.
  1854 | D:5      | Noticed a shock serpent
  1854 | D:5      | Noticed an anaconda
  1854 | D:5      | Noticed a black mamba
  1854 | D:5      | Noticed a naga sharpshooter
  1854 | D:5      | Noticed a naga sharpshooter
  1854 | D:5      | Noticed a naga mage
  1854 | D:5      | Noticed a snapping turtle
  1854 | D:5      | Noticed a manticore
  1854 | D:5      | Noticed a manticore
  1854 | D:5      | Noticed a sea snake
  1854 | D:5      | Noticed a guardian serpent
  1855 | D:5      | Noticed a merfolk impaler
  1856 | D:5      | Noticed a merfolk avatar
  1862 | D:5      | Noticed a naga
  1990 | D:4      | Reached XP level 5. HP: 20/26 MP: 4/6
  2180 | D:3      | Found a hide-covered altar of Uskayaw.
  2411 | D:3      | Found a faded altar of an unknown god.
  2467 | D:3      | 2467 ||| READING 3 scrolls labelled KUTROFF NIARPH.
  2468 | D:3      | 2468 ||| DRINKING 2 glowing dark potions.
  2469 | D:3      | 2469 ||| DROPPING 2 scrolls of fear.
  2640 | D:4      | HP: 6/26 [orc/+0 flail (7)]
  2641 | D:4      | 2641 ||| DRINKING potion of heal wounds.
  2909 | D:4      | Found a hazy altar of Hepliaklqana.
  2985 | D:4      | Reached skill level 6 in Ranged Weapons
  3358 | D:4      | 3358 ||| READING 2 scrolls of identify.
  3358 | D:4      | 3358 ||| IDENTIFYING scroll labelled FUOGATRIQ ZOMO
  3359 | D:4      | 3359 ||| DROPPING scroll of fog.
  3575 | D:5      | Reached XP level 6. HP: 30/30 MP: 7/7
  3639 | D:5      | Reached skill level 6 in Dodging
  3657 | D:5      | Found a glowing golden altar of the Shining One.
  3947 | D:5      | 3947 ||| READING 2 scrolls of identify.
  3947 | D:5      | 3947 ||| IDENTIFYING scroll labelled AGE FAXTAICYI
  3948 | D:5      | 3948 ||| DROPPING scroll of revelation.
  4000 | D:6      | Noticed Blork the orc
  4014 | D:6      | 4014 ||| DRINKING potion of haste.
  4016 | D:6      | Killed Blork the orc
  4017 | D:6      | Reached skill level 7 in Ranged Weapons
  4017 | D:6      | Reached XP level 7. HP: 23/35 MP: 4/8
  4162 | D:6      | HP: 8/35 [centaur/arrow (7)]
  4163 | D:6      | 4163 ||| DRINKING potion of heal wounds.
  4341 | D:6      | 4341 ||| SWAPPING to +0 orcbow.
  4343 | D:6      | 4343 ||| RETREEEEATING.
  4345 | D:6      | 4345 ||| RETREEEEATING.
  4346 | D:6      | 4346 ||| RETREEEEATING.
  4347 | D:6      | 4347 ||| RETREEEEATING.
  4348 | D:6      | 4348 ||| RETREEEEATING.
  4349 | D:6      | 4349 ||| RETREEEEATING.
  4350 | D:6      | 4350 ||| RETREEEEATING.
  4351 | D:6      | 4351 ||| RETREEEEATING.
  4352 | D:6      | 4352 ||| RETREEEEATING.
  4356 | D:6      | 4356 ||| ZAPPING wand of iceblast (21) at 3,4 (Pikel;
                  | floor).
  4357 | D:6      | 4357 ||| ZAPPING wand of iceblast (20) at 1,2 (floor).
  4358 | D:6      | 4358 ||| ZAPPING wand of iceblast (19) at 1,2 (Pikel;
                  | floor).
  4358 | D:6      | Killed Pikel
  4359 | D:6      | Reached skill level 9 in Ranged Weapons
  4359 | D:6      | Reached XP level 8. HP: 39/39 MP: 9/9
  4359 | D:6      | 4359 ||| DROPPING +0 shortbow.
  4498 | D:6      | Found a blossoming altar of Fedhas.
  4502 | D:6      | Found an ancient bone altar of Kikubaaqudgha.
  4506 | D:6      | Found a burning altar of Makhleb.
  4527 | D:6      | 4527 ||| RETREEEEATING.
  4531 | D:6      | 4531 ||| RETREEEEATING.
  4532 | D:6      | 4532 ||| RETREEEEATING.
  4539 | D:6      | Reached skill level 3 in Fighting
  4542 | D:6      | HP: 9/40 [killer bee (2)]
  4544 | D:6      | HP: 2/40 [killer bee (5)]
  4545 | D:6      | Succumbed to a killer bee's poison

Levels and vault maps discovered:
D:1:      dpeg_arrival_signposts, layout_loops_ring, minmay_strange_pillars
D:2:      layout_basic, minivault_5, minivault_11, nicolae_titane,
          uniq_crazy_yiuf_cottage
D:3:      layout_basic, nicolae_uskayaw_dance_hall,
          shapermc_ecumenical_altar_totnotflames, nicolae_underground_beach
D:4:      layout_cave_pods, mainiacjoe_overflow_tiny_flanked
D:5:      layout_rooms, grunt_ashenzari_visionary
          [grunt_ashenzari_visionary_shoals, grunt_ashenzari_visionary_snake],
          nicolae_tso_besieged_by_evil, nicolae_sextant, fountainhead
D:6:      layout_layer_cave, grunt_temple_overflow_open, uniq_maggie,
          uniq_pikel, uniq_blork_the_orc, uniq_sigmund

Skill      XL: |  1  2  3  4  5  6  7  8 |
---------------+-------------------------+-----
Dodging        | 3 4 5 6 7 |  7.4
Ranged Weapons | 5 6 7 9 |  9.2
Fighting       | 2 3 |  3.3
Stealth        | |  1.5

Action                     |  1- 3 |  4- 6 |  7- 9 || total
---------------------------+-------+-------+-------++-------
   Fire: Shortbow          |   119 |   263 |    18 ||   400
         Orcbow            |       |       |    47 ||    47
  Evoke: Wand              |       |       |     3 ||     3
    Use: Scroll            |     2 |     4 |       ||     6
         Potion            |     1 |     7 |     1 ||     9
 Armour: Robe              |     9 |    44 |    18 ||    71
  Dodge: Dodged            |    40 |    80 |    39 ||   159

Table legend:
 A = Non-vault XP
 B = Vault XP
 C = Vault XP percentage of total XP
 D = Non-vault monster count
 E = Vault monster count
 F = Vault count percentage of total count
                 A         B        C        D         E       F
            +---------+---------+-------+---------+---------+-------
      Total |    1247 |     803 |  39.2 |     112 |      11 |   8.9
            +---------+---------+-------+---------+---------+-------
        D:1 |      42 |       0 |   0.0 |      27 |       0 |   0.0
        D:2 |      68 |       0 |   0.0 |      28 |       0 |   0.0
        D:3 |      31 |       0 |   0.0 |      17 |       0 |   0.0
        D:4 |     136 |       0 |   0.0 |      15 |       0 |   0.0
        D:5 |     351 |      56 |  13.8 |      13 |       9 |  40.9
        D:6 |     619 |     747 |  54.7 |      12 |       2 |  14.3
            +---------+---------+-------+---------+---------+-------
